Map: Golden Wall LE

Players

Nitix

  • Race: Zerg Zerg
  • League: Master
  • Spawn Location: 7:00

A.I. 1 (Very Easy) - Winner!

  • Race: Terran Terran
  • Spawn Location: 5:00

VOD

Have the link to the VOD?

Description

Time

  • Played on: April 10, 2020, 7:36 p.m.
  • Length: 4:28
Show
View Real Time Build Order
Export as new Build Order

Nitix Zerg 

Build Orders: Hatch First 

Get SALT Encoding   

  12  0:00  Drone  
  13  0:12  Overlord  
  13  0:17  Drone  
  14  0:30  Drone  
  14  0:31  Drone  
  16  0:48  Hatchery  
  15  0:51  Drone  
  15  0:55  Drone  
  17  0:58  Drone  
  18  1:08  Extractor  
  17  1:14  Spawning Pool  
  17  1:17  Drone  
  17  1:21  Drone  
  18  1:27  Drone  
  19  1:38  Drone  
  20  1:48  Overlord  
  20  1:59  Drone  
  20  2:00  Queen, Drone  
  20  2:01  Queen  
  26  2:10  Drone  
  26  2:11  Drone  
  28  2:21  Drone  
  28  2:22  Drone  
  30  2:32  Drone  
  30  2:33  Drone  
  30  2:36  Queen  
  34  2:37  Lair  
  34  2:42  Overlord  
  34  2:43  Drone  
  35  2:47  Evolution Chamber  
  34  2:53  Drone  
  34  2:54  Drone  
  34  2:58  Roach Warren  
  35  3:05  Drone x2  
  37  3:11  Drone  
  37  3:12  Drone x2  
  40  3:16  Drone  
  40  3:19  Overlord  
  41  3:27  Drone  
  41  3:30  Drone  
  43  3:39  Extractor x2  
  41  3:41  Drone  
  41  3:42  Drone x4  
  41  3:45  Drone x3  
  49  3:52  Overlord  
  49  4:03  Roach  
  49  4:09  Overlord  
  51  4:16  Hatchery  
Show
View Real Time Build Order
Export as new Build Order

A.I. 1 (Very Easy) Terran - Winner!

Build Orders: Reaper Expand 

Get SALT Encoding   

  12  0:00  SCV  
  13  0:13  SCV  
  14  0:19  Supply Depot  
  14  0:46  Barracks  
  14  1:09  SCV  
  14  1:11  Supply Depot  
  15  1:13  Refinery  
  15  1:14  Refinery  
  15  1:30  Command Center  
  15  1:35  Marine  
  16  1:54  Orbital Command  
  16  2:07  Reaper  
  17  2:20  SCV  
  18  2:32  SCV  
  19  2:44  SCV  
  20  2:45  SCV  
  20  2:49  Marine  
  22  2:56  SCV  
  23  3:00  SCV  
  24  3:08  SCV  
  25  3:14  SCV  
  26  3:21  SCV  
  26  3:23  Factory  
  27  3:28  SCV  
  27  3:31  Marine  
  29  3:48  SCV  
  30  3:55  SCV  
  31  4:02  SCV  
  32  4:06  Supply Depot  
  32  4:09  SCV  
  33  4:11  Starport  
  35  4:23  Refinery  
Tags
 
Add a new tag
Caveats
  • Supply blocks, unpowered buildings, or Contaminate may cause inaccurate times.
  • Supply counts are checked every 10 seconds.